 Dungeon Crawl Stone Soup version 0.31-a0-744-gbc345e7fcb (webtiles) character file.

Game seed: 3149543366601328507

630 cforsyth the Trooper (level 7, 0/50 HPs)
             Began as a Djinni Delver on Sept 14, 2023.
             Was a Follower of Hepliaklqana.
             Slain by Duvessa
             ... wielding a +0 short sword
              (7 damage)
             ... on level 5 of the Dungeon.
             The game lasted 00:06:14 (4415 turns).

cforsyth the Trooper (Djinni Delver)                Turns: 4415, Time: 00:06:15

Health: 0/50       AC:  4    Str: 11    XL:     7   Next: 77%
Gold:   208        EV: 12    Int: 13    God:    Hepliaklqana [*.....] SH:  0 Dex: 15

rFire   + + .        n - +4 hand axe (venom)
rCold   x . .        (no shield)
rNeg    . . .        b - +0 leather armour
rPois   ∞            (no helmet)
rElec   .            (no cloak)
rCorr   .            A - +0 pair of gloves
SInv    .            (boots unavailable)
Will    .....        y - amulet of regeneration
Stlth   ++           (no ring)
HPRegen 1.08/turn    (no ring)
MPRegen 0.00/turn

%: infuse magic (-1 HP)
@: flying
A: reduced essence, sickness immunity, fire resistance 2, cold vulnerability 1,
float, innate caster, HP casting, extra vitality 1
a: Renounce Religion, Recall Ancestor, Ancestor Identity


You were on level 5 of the Dungeon.
You worshipped Hepliaklqana.
Hepliaklqana was aware of your devotion.
You visited 1 branch of the dungeon, and saw 5 of its levels.

You collected 208 gold pieces.

Inventory:

Hand Weapons
 a - a +0 falchion
 n - a +4 hand axe of venom (weapon)
Armour
 b - a +0 leather armour (worn)
 A - a +0 pair of gloves (worn)
Jewellery
 y - an amulet of regeneration (around neck)
Wands
 g - a wand of digging (3)
 o - a wand of mindburst (6)
Scrolls
 c - 3 scrolls of fog
 d - a scroll of revelation
 e - a scroll of fear
 h - 6 scrolls of identify {unknown}
 k - a scroll of torment {unknown}
 m - 2 scrolls of silence {unknown}
 p - 2 scrolls of poison {unknown}
 s - a scroll of amnesia {unknown}
 u - a scroll of blinking {unknown}
 v - 2 scrolls of teleportation {unknown}
Potions
 f - a potion of mutation {unknown}
 i - 3 potions of curing
 j - a potion of lignification {unknown}
 l - a potion of enlightenment {unknown}
 q - 2 potions of ambrosia {unknown}
 r - 6 potions of attraction {unknown}
 t - a potion of heal wounds {unknown}
 w - a potion of brilliance {unknown}
 x - 2 potions of haste
 z - a potion of resistance {unknown}


   Skills:
 + Level 6.3 Fighting
 - Level 1.7 Long Blades
 - Level 2.1 Dodging
 - Level 4.1 Stealth
 + Level 3.9 Spellcasting
 + Level 3.9 Conjurations
 + Level 3.9 Hexes
   Level 0.0 Charms
 + Level 3.9 Summonings
 + Level 3.9 Necromancy
 + Level 3.9 Translocations
 + Level 3.9 Transmutations
 + Level 3.9 Fire Magic
 + Level 3.9 Ice Magic
 + Level 3.9 Air Magic
 + Level 3.9 Earth Magic
 + Level 3.9 Poison Magic


You knew the following spells:

 Your Spells              Type           Power      Damage    Failure   Level
a - Necrotise             Necr           48%        1d6       5%          1
b - Ensorcelled Hibernat  Hex/Ice        24%        N/A       9%          2
c - Searing Ray           Conj           24%        2d5       9%          2
Your spell library was empty.

Dungeon Overview and Level Annotations

Branches:
Dungeon (5/15)
 Temple: D:4-7

Altars:
Elyvilon
Hepliaklqana
Okawaru
Trog

Annotations:
D:5 Dowan, Duvessa


Innate Abilities, Weirdness & Mutations

Your life essence is reduced to manifest your ancestor. (-10% HP)
You are immune to sickness and miasma.
You are immune to poison.
Your flesh is very heat resistant. (rF++)
You are vulnerable to cold. (rC-)
You float through the air rather than walking.
You learn spells naturally, not from books.
Your magical power is your life essence.
You have superior vitality. (+4 MHP)


Message History

Duvessa hits Artakama with a +0 short sword.
Dowan hits Artakama with a +2 dagger of pain!
Artakama hits Dowan but does no damage.
Duvessa throws a boomerang.
The boomerang hits Artakama!
Artakama is destroyed!
There is a stone staircase leading up here.
You fly upwards.
There is a stone staircase leading down here.
You start waiting.
Artakama emerges from the mists of memory!
You start waiting.
Done waiting.
You start waiting.
Done waiting.
You fly downwards.
Level annotation: Dowan, Duvessa
There is a stone staircase leading up here.
Duvessa throws a boomerang.
The boomerang hits you.
Duvessa says, "I don't care about looks, I care about technique!"
You hit Duvessa but do no damage.
Duvessa is poisoned.
Duvessa hits you with a +0 short sword.
Dowan gestures wildly while chanting.
Dowan blinks!
You hit Duvessa but do no damage.
Duvessa looks as sick as possible!
Duvessa hits you with a +0 short sword! x2
You barely miss Duvessa.
Duvessa is lightly wounded.
Duvessa hits you with a +0 short sword!
You hit Duvessa but do no damage.
Duvessa looks as sick as possible!
Duvessa is moderately wounded.
You closely miss Dowan. Duvessa misses you.
Dowan hits you with a +2 dagger of pain!
You barely miss Duvessa.
Duvessa is moderately wounded.
You closely miss Dowan. Duvessa hits you with a +0 short sword!
* * * LOW HITPOINT WARNING * * *
Dowan hits you with a +2 dagger of pain.
* * * LOW HITPOINT WARNING * * *
Duvessa hits you with a +0 short sword!
You die...

#..####'####...#######
...........#.....#.....
..........'.....#.....
#.##.###..##...####...
###.##.###..##...# #...
#...........#...... #...
............#.......#...
...#.ee##..##".##.#####
###@##..##..# .#
#.R......... .
#......... #...........
#..........$
#........... ##.##..###
#.# ### #### #...


You could see the friendly Artakama the ancestor, Duvessa (extremely poisoned,
ally target) and Dowan.

Vanquished Creatures
  A water moccasin (D:5)
  2 scorpions (D:5)
  A gnoll bouda (D:5)
  A jelly (D:5)
  Ijyb (D:3)
  2 gnolls (D:5)
  9 adders
  2 worms
  3 dart slugs
  7 orcs (D:3)
  13 bats
  4 endoplasms
  6 giant cockroaches
  7 goblins
  3 hobgoblins (D:1)
  7 jackals
  8 kobolds
  4 quokkas
  3 ball pythons
  A frilled lizard (D:3)
  4 rats
89 creatures vanquished.

Vanquished Creatures (collateral kills)
  A centaur (D:5)
  An iguana (D:4)
  An adder (D:5)
  A gnoll (D:5)
  An endoplasm (D:1)
  A jackal (D:2)
6 creatures vanquished.

Vanquished Creatures (others)
  An ancestor (D:5)
1 creature vanquished.

Grand Total: 96 creatures vanquished

Notes
Turn   | Place    | Note
-------+----------+-------------------------------------------
     0 | D:5      | cforsyth the Djinni Delver began the quest for the Orb.
     0 | D:5      | Reached XP level 1. HP: 20/20 MP: 0/0
    42 | D:5      | Reached XP level 2. HP: 24/25 MP: 0/0
    70 | D:5      | Noticed a centaur
    84 | D:5      | Noticed a scorpion
    93 | D:5      | Killed a scorpion
    94 | D:5      | Reached skill level 4 in Fighting
    94 | D:5      | Reached skill level 1 in Spellcasting
    94 | D:5      | Reached skill level 1 in Conjurations
    94 | D:5      | Reached skill level 1 in Hexes
    94 | D:5      | Reached skill level 1 in Summonings
    94 | D:5      | Reached skill level 1 in Necromancy
    94 | D:5      | Reached skill level 1 in Translocations
    94 | D:5      | Reached skill level 1 in Transmutations
    94 | D:5      | Reached skill level 1 in Fire Magic
    94 | D:5      | Reached skill level 1 in Ice Magic
    94 | D:5      | Reached skill level 1 in Air Magic
    94 | D:5      | Reached skill level 1 in Earth Magic
    94 | D:5      | Reached skill level 1 in Poison Magic
    94 | D:5      | Reached XP level 3. HP: 21/31 MP: 0/0
    94 | D:5      | Learned a level 1 spell: Necrotise
    94 | D:5      | Reached XP level 4. HP: 26/37 MP: 0/0
   305 | D:5      | Noticed Duvessa
   305 | D:5      | Noticed Dowan
   861 | D:3      | Reached XP level 5. HP: 40/41 MP: 0/0
   861 | D:3      | Learned a level 2 spell: Ensorcelled Hibernation
   925 | D:3      | Noticed Ijyb
  1326 | D:3      | Killed Ijyb
  2081 | D:4      | Found an iron altar of Okawaru.
  2097 | D:4      | Found a white marble altar of Elyvilon.
  2100 | D:4      | Found a hazy altar of Hepliaklqana.
  2104 | D:4      | Became a worshipper of Hepliaklqana the Forgotten
  2216 | D:2      | Found a faded altar of an unknown god.
  2253 | D:2      | Reached XP level 6. HP: 49/49 MP: 0/0
  2469 | D:1      | Reached skill level 5 in Fighting
  2567 | D:1      | Reached * piety under Hepliaklqana
  3683 | D:4      | Found a bloodstained altar of Trog.
  3855 | D:5      | Noticed a water moccasin
  3863 | D:5      | Killed a water moccasin
  3864 | D:5      | Reached XP level 7. HP: 17/49 MP: 0/0
  3864 | D:5      | Learned a level 2 spell: Searing Ray
  3873 | D:5      | Reached skill level 6 in Fighting
  4415 | D:5      | Slain by Duvessa

Illustrated notes

Levels and vault maps discovered:
D:1:      minmay_arrival_hallway, layout_rooms
D:2:      layout_loops_ring, shapermc_ecumenical_altar_mp_highgroup,
          minmay_unequal
D:3:      layout_loops_ring, kennysheep_potato, uniq_ijyb
D:4:      layout_rooms, grunt_temple_overflow_cloverleaf, kennysheep_minor_cross
D:5:      layout_gridville, uniq_duvessa

Skill      XL: |  1  2  3  4  5  6  7 |
---------------+----------------------+-----
Fighting       | 4 5 6 |  6.3
Spellcasting   | 1 2 3 |  3.9
Conjurations   | 1 2 3 |  3.9
Hexes          | 1 2 3 |  3.9
Summonings     | 1 2 3 |  3.9
Necromancy     | 1 2 3 |  3.9
Translocations | 1 2 3 |  3.9
Transmutations | 1 2 3 |  3.9
Fire Magic     | 1 2 3 |  3.9
Ice Magic      | 1 2 3 |  3.9
Air Magic      | 1 2 3 |  3.9
Earth Magic    | 1 2 3 |  3.9
Poison Magic   | 1 2 3 |  3.9
Long Blades    | |  1.7
Dodging        | |  2.1
Stealth        | |  4.1

Action                     |  1- 3 |  4- 6 |  7- 9 || total
---------------------------+-------+-------+-------++-------
  Melee: Falchion          |    11 |    82 |       ||    93
         Hand axe          |       |   140 |    16 ||   156
         Punch             |       |     1 |       ||     1
   Cast: Necrotise         |       |     1 |       ||     1
  Evoke: Wand              |       |     2 |     3 ||     5
    Use: Potion            |       |     3 |       ||     3
   Stab: Sleeping          |       |    16 |     1 ||    17
 Armour: Leather armour    |     7 |   171 |    23 ||   201
  Dodge: Dodged            |     9 |   172 |    10 ||   191

Table legend: (Time is in decaauts)
 A = Elapsed time spent in this place.
 B = Non-inter-level travel time spent in this place.
 C = Inter-level travel time spent in this place.
 D = Time resting spent in this place.
 E = Time spent auto-exploring this place.
 F = Levels seen in this place.
 G = Mean time per level.
                   A        B        C        D        E       F      G
               +--------+--------+--------+--------+--------+-----+--------+
         Total |   4447 |   4119 |    328 |    573 |   2576 |   5 |  889.4 |
       Dungeon |   4447 |   4119 |    328 |    573 |   2576 |   5 |  889.4 |
               +--------+--------+--------+--------+--------+-----+--------+

Top non-repeatable levels by time:
     D:3: 1390 daAuts
     D:4: 1157 daAuts
     D:2: 738 daAuts
     D:1: 587 daAuts
     D:5: 573 daAuts
